 Dungeon Crawl Stone Soup version 0.29.1-2-gbd0b4ee654 (webtiles) character file.

Game seed: 23403244047959244

77 raistware the Conjurer (level 4, -2/27 HPs)
             Began as an Octopode Conjurer on Oct 25, 2022.
             Slain by a centaur zombie (3 damage)
             ... on level 3 of the Dungeon.
             The game lasted 00:02:49 (2170 turns).

raistware the Conjurer (Octopode Conjurer)          Turns: 2170, Time: 00:02:50

Health: -2/27      AC:  1    Str:  6    XL:     4   Next: 34%
Magic:  6/10       EV: 13    Int: 22    God:
Gold:   192        SH:  0    Dex: 10    Spells: 6/11 levels left

rFire   . . .      SeeInvis .   k - +0 whip (venom)
rCold   . . .      Faith    .   (no shield)
rNeg    . . .      Spirit   .   (helmet restricted)
rPois   .          Reflect  .   (no amulet)
rElec   .          Harm     .   (no ring)
rCorr   .          Rampage  .   (no ring)
Will    .....                   (no ring)
Stlth   +++.......              (no ring)
HPRegen 0.09/turn               (no ring)
MPRegen 0.12/turn               (no ring)
                                (no ring)
                                (no ring)

@: no status effects
A: almost no armour, amphibious, 8 rings, camouflage 1, gelatinous body 1,
(nimble swimmer 1), tentacles
a: no special abilities


You were on level 3 of the Dungeon.
You visited 1 branch of the dungeon, and saw 3 of its levels.

You collected 192 gold pieces.

Inventory:

Hand Weapons
 k - a +0 whip of venom (weapon)
Scrolls
 b - 5 scrolls of teleportation {unknown}
 e - a scroll of vulnerability {unknown}
 h - a scroll of enchant weapon {unknown}
 j - 5 scrolls of poison {unknown}
 l - 2 scrolls of amnesia {unknown}
 o - 5 scrolls of identify {unknown}
 r - a scroll of noise {unknown}
 s - 2 scrolls of enchant armour {unknown}
Potions
 a - a potion of magic
 c - 3 potions of heal wounds {unknown}
 d - a potion of lignification {unknown}
 f - a potion of flight {unknown}
 g - 3 potions of brilliance {unknown}
 i - a potion of curing {unknown}
 m - 3 potions of haste {unknown}
 n - a potion of mutation {unknown}
 p - a potion of attraction {unknown}
 q - a potion of ambrosia {unknown}
 t - a potion of degeneration {unknown}


   Skills:
 - Level 2.0 Dodging
 - Level 3.0 Stealth
 - Level 4.0 Spellcasting
 - Level 4.0 Conjurations
 + Level 0.7 Translocations


You had 6 spell levels left.
You knew the following spells:

 Your Spells              Type           Power      Damage    Failure   Level
a - Magic Dart            Conj           88%        1d7       2%          1
b - Iskenderun's Mystic   Conj/Tloc      14%        2d5       38%         4

Your spell library contained the following spells:

 Spells                   Type           Power      Damage    Failure   Level
 Searing Ray              Conj           44%        2d6       3%          2
 Dazzling Flash           Conj/Hex       26%        N/A       14%         3
 Portal Projectile        Hex/Tloc       10%        N/A       28%         3
 Tukima's Dance           Hex            4%         N/A       32%         3
 Fulminant Prism          Conj/Hex       6%         3d7       43%         4
 Blade Hands              Tmut           2%         N/A       97%         5


Dungeon Overview and Level Annotations

Branches:
Dungeon (3/15)

Altars:
Dithmenos
Sif Muna

Annotations:
D:3 Sigmund


Innate Abilities, Weirdness & Mutations

You cannot wear most types of armour.
You are amphibious.
You can wear up to eight rings at the same time.
Your skin changes colour to match your surroundings (Stealth+).
Your rubbery body absorbs attacks. (AC +1, EV +1)
((You are camouflaged when in or above water. (Stealth+)))
You have tentacles for arms and can constrict up to eight enemies at once.


Message History

Confirm with . or Enter, or press ? or * to list all spells.
Aiming: Magic Dart (safe; 2% risk of failure)
Press: ? - help, Shift-Dir - straight line, f/p - centaur zombie
Aim: a centaur zombie (moderately damaged, 100% to hit)
The magic dart hits the centaur zombie.
The centaur zombie is moderately damaged.
The centaur zombie hits you. The centaur zombie barely misses you.
The centaur zombie hits you.
* * * LOW HITPOINT WARNING * * *
The centaur zombie barely misses you.
Casting: Magic Dart (safe; 2% risk of failure)
Confirm with . or Enter, or press ? or * to list all spells.
Aiming: Magic Dart (safe; 2% risk of failure)
Press: ? - help, Shift-Dir - straight line, f/p - centaur zombie
Aim: a centaur zombie (moderately damaged, 100% to hit)
The magic dart hits the centaur zombie.
The centaur zombie is heavily damaged.
The centaur zombie closely misses you. The centaur zombie barely misses you.
Unknown command.
Casting: Magic Dart (safe; 2% risk of failure)
Confirm with . or Enter, or press ? or * to list all spells.
Aiming: Magic Dart (safe; 2% risk of failure)
Press: ? - help, Shift-Dir - straight line, f/p - centaur zombie
Aim: a centaur zombie (heavily damaged, 100% to hit)
The magic dart hits the centaur zombie.
The centaur zombie is heavily damaged.
The centaur zombie hits you.
* * * LOW HITPOINT WARNING * * *
The centaur zombie kicks you but does no damage.
Casting: Magic Dart (safe; 2% risk of failure)
Confirm with . or Enter, or press ? or * to list all spells.
Aiming: Magic Dart (safe; 2% risk of failure)
Press: ? - help, Shift-Dir - straight line, f/p - centaur zombie
Aim: a centaur zombie (heavily damaged, 100% to hit)
The magic dart hits the centaur zombie.
The centaur zombie is severely damaged.
The centaur zombie misses you. The centaur zombie kicks you.
* * * LOW HITPOINT WARNING * * *
The centaur zombie hits you.
You die...

..# #.#.##..#.####..##......#
#.# #.#.##..........#.......#
#.# ##...##.##...........8..##
..###.........#####...........#
............##########........#
#...#..####.###.............###
................##..........#
......### .## #...###......#
.......# .# ##@### #.####..#
#.####... #.Z# #.# ... #... ...
#.## #.# .. ##### ..Z......#
#.# ### ## .......## .# ..#...
....... ...... ....... ......
....... ...... .......


You could see a centaur zombie.

Vanquished Creatures
  A scorpion zombie (D:3)
  A hound zombie (D:3)
  An adder (D:2)
  A dart slug (D:2)
  3 ball pythons
  2 endoplasms (D:2)
  4 giant cockroaches
  4 goblins
  3 hobgoblins
  3 bats
  A frilled lizard (D:1)
  3 kobolds
  A rat (D:1)
28 creatures vanquished.

Notes
Turn   | Place    | Note
-------+----------+-------------------------------------------
     0 | D:1      | raistware the Octopode Conjurer began the quest for the
                  | Orb.
     0 | D:1      | Reached XP level 1. HP: 11/11 MP: 3/3
   329 | D:1      | Reached XP level 2. HP: 17/17 MP: 1/5
   787 | D:1      | Found a faded altar of an unknown god.
   837 | D:2      | Found Nicrah's General Store.
  1137 | D:2      | Reached XP level 3. HP: 21/21 MP: 2/7
  1226 | D:2      | Found a shimmering blue altar of Sif Muna.
  1535 | D:3      | Reached XP level 4. HP: 7/27 MP: 0/9
  1542 | D:3      | Learned a level 4 spell: Iskenderun's Mystic Blast
  1980 | D:3      | Noticed Sigmund
  2053 | D:3      | Found a shadowy altar of Dithmenos.
  2170 | D:3      | HP: 1/27 [centaur zombie (1)]
  2170 | D:3      | Slain by a centaur zombie

Illustrated notes

Levels and vault maps discovered:
D:1:      scummos_arrival_forest, layout_loops_ring, basic_ecumenical_altar
D:2:      layout_basic, serial_shops,
          nicolae_shop_temple_entry_statues_fountains, basic_altar
D:3:      layout_rooms, nicolae_dithmenos_shadow_blocks, serial_undead,
          serial_undead_c, serial_undead_d, serial_undead_a, serial_undead_a,
          nrook_loot_triangle, minmay_tree_intersection, uniq_sigmund

Skill      XL: |  1  2  3  4 |
---------------+-------------+-----
Stealth        | 3 |  3.0
Spellcasting   | 3 4 |  4.0
Dodging        | |  2.0
Conjurations   | |  4.0
Translocations | |  0.7

Action                   |  1- 3 |  4- 6 || total
-------------------------+-------+-------++-------
Melee: Whip              |    19 |     9 ||    28
       Constrict         |     5 |     1 ||     6
       Tentacles         |     3 |     3 ||     6
       Punch             |     1 |       ||     1
 Cast: Magic Dart        |    40 |     7 ||    47
 Stab: Sleeping          |     4 |       ||     4
Armor: Skin              |       |     3 ||     3
Dodge: Dodged            |     8 |    11 ||    19
